| TOP OF THE 1ST |
|
Columbus Reds batting - Pitching for Niagara Falls Phantoms : LHP Gordon Jing
|
|
Pitching: LHP Gordon Jing
|
|
|
Batting: LHB Jose Cruz
|
0-0: Ball 1-0: Foul Ball, location: 2F 1-1: Foul Ball, location: 2F 1-2: Ball 2-2: Fly out, F6 (Popup, 6MS, EV 66.2 MPH)
|
|
Batting: LHB Jamie Spangenberg
|
0-0: Ground out 3-1 (Groundball, 34S, EV 86.2 MPH)
|
|
Batting: LHB Matthew Berry
|
0-0: Fly out, F8 (Flyball, 8RM, EV 85.6 MPH)
|
| Top of the 1st over - 0 runs, 0 hits, 0 errors, 0 left on base; Columbus 0 - Niagara Falls 0 |
| BOTTOM OF THE 1ST |
|
Niagara Falls Phantoms batting - Pitching for Columbus Reds : RHP Amador Sadaba
|
|
Pitching: RHP Amador Sadaba
|
|
|
Batting: LHB Carlos Palau
|
0-0: Ball 1-0: Called Strike 1-1: Ball 2-1: SOLO HOME RUN (Flyball, 89XD, EV 102.5 MPH), Distance : 407 ft
|
|
Batting: LHB Danny de Leon
|
0-0: Called Strike 0-1: Ground out 6-3 (Groundball, 6, EV 90.0 MPH)
|
|
Batting: RHB Jesus Ruiz
|
0-0: Ball 1-0: Ball 2-0: Foul Ball, location: 2F 2-1: Foul Ball, location: 2F 2-2: Foul Ball, location: 2F 2-2: Reached on error, E5 (Groundball, 5S, EV 76.9 MPH)
|
|
Batting: LHB Dario Segura
|
0-0: Ball 1-0: Called Strike 1-1: Ball 2-1: Called Strike 2-2: Strikes out swinging
|
|
Batting: RHB Yasuoka Tsuda
|
0-0: Ball 1-0: Swinging Strike 1-1: 2-RUN HOME RUN (Flyball, 89XD, EV 105.6 MPH), Distance : 424 ft
|
|
Batting: RHB Ken Stair
|
0-0: Fly out, F7 (Line Drive, 7LS, EV 93.8 MPH)
|
| Bottom of the 1st over - 3 runs, 2 hits, 1 error, 0 left on base; Columbus 0 - Niagara Falls 3 |
| TOP OF THE 2ND |
|
Columbus Reds batting - Pitching for Niagara Falls Phantoms : LHP Gordon Jing
|
|
Batting: RHB Alex Villagomez
|
0-0: Ball 1-0: Ground out 6-3 (Groundball, 6, EV 96.9 MPH)
|
|
Batting: RHB Ed Santibanez
|
0-0: Ground out 5-3 (Groundball, 56, EV 87.5 MPH)
|
|
Batting: RHB Alex de Leon
|
0-0: Foul Ball, location: 2F 0-1: Ball 1-1: Swinging Strike 1-2: Foul Ball, location: 2F 1-2: Foul Ball, location: 2F 1-2: Ball 2-2: Foul Ball, location: 2F 2-2: Ball 3-2: Fly out, F2 (Popup, 2LF, EV 89.4 MPH)
|
| Top of the 2nd over - 0 runs, 0 hits, 0 errors, 0 left on base; Columbus 0 - Niagara Falls 3 |
| BOTTOM OF THE 2ND |
|
Niagara Falls Phantoms batting - Pitching for Columbus Reds : RHP Amador Sadaba
|
|
Batting: LHB Dave Ortiz
|
0-0: Called Strike 0-1: Ball 1-1: Ground out 6-3 (Groundball, P, EV 85.0 MPH)
|
|
Batting: LHB Justin Short
|
0-0: Ball 1-0: Ball 2-0: Ground out U3 (Groundball, 34S, EV 73.1 MPH)
|
|
Batting: RHB Tchaa Kombate
|
0-0: Called Strike 0-1: Foul Ball, location: 2F 0-2: Ball 1-2: SINGLE (Line Drive, 7S, EV 91.9 MPH)
|
|
Batting: LHB Carlos Palau
|
0-0: Swinging Strike 0-1: Called Strike Tchaa Kombate steals 2nd base 0-2: Strikes out swinging
|
| Bottom of the 2nd over - 0 runs, 1 hit, 0 errors, 1 left on base; Columbus 0 - Niagara Falls 3 |
| TOP OF THE 3RD |
|
Columbus Reds batting - Pitching for Niagara Falls Phantoms : LHP Gordon Jing
|
|
Batting: LHB Mike Becerra
|
0-0: Ball 1-0: Fly out, F3 (Popup, 3SF, EV 73.1 MPH)
|
|
Batting: RHB Ernie Maldonado
|
0-0: Foul Ball, location: 2F 0-1: Swinging Strike 0-2: Foul Ball, location: 2F 0-2: Foul Ball, location: 2F 0-2: Strikes out swinging
|
|
Batting: SHB Cesar Pelayo
|
0-0: Called Strike 0-1: Foul Ball, location: 2F 0-2: Ball 1-2: Ball 2-2: Foul Ball, location: 2F 2-2: Ball 3-2: Strikes out looking
|
| Top of the 3rd over - 0 runs, 0 hits, 0 errors, 0 left on base; Columbus 0 - Niagara Falls 3 |
| BOTTOM OF THE 3RD |
|
Niagara Falls Phantoms batting - Pitching for Columbus Reds : RHP Amador Sadaba
|
|
Batting: LHB Danny de Leon
|
0-0: Ball 1-0: Ball 2-0: Called Strike 2-1: Swinging Strike 2-2: Strikes out swinging
|
|
Batting: RHB Jesus Ruiz
|
0-0: Called Strike 0-1: Ball 1-1: Ball 2-1: Ground out 6-3 (Groundball, 6, EV 91.2 MPH)
|
|
Batting: LHB Dario Segura
|
0-0: Fly out, F7 (Flyball, 78M, EV 78.1 MPH)
|
| Bottom of the 3rd over - 0 runs, 0 hits, 0 errors, 0 left on base; Columbus 0 - Niagara Falls 3 |
| TOP OF THE 4TH |
|
Columbus Reds batting - Pitching for Niagara Falls Phantoms : LHP Gordon Jing
|
|
Batting: LHB Jose Cruz
|
0-0: Called Strike 0-1: Ball 1-1: Fly out, F8 (Flyball, 8LD, EV 101.9 MPH)
|
|
Batting: LHB Jamie Spangenberg
|
0-0: Ball 1-0: Ball 2-0: Ball 3-0: Called Strike 3-1: Fly out, F8 (Flyball, 8LM, EV 85.0 MPH)
|
|
Batting: LHB Matthew Berry
|
0-0: Ball 1-0: Ball 2-0: Ball 3-0: Base on Balls
|
|
Batting: RHB Alex Villagomez
|
0-0: Foul Ball, location: 2F 0-1: SINGLE (Groundball, 4MD, EV 95.6 MPH) Matthew Berry to second
|
|
Batting: RHB Ed Santibanez
|
0-0: Swinging Strike 0-1: Ball 1-1: Ball 2-1: Called Strike 2-2: Foul Ball, location: 2F 2-2: Foul Ball, location: 2F 2-2: Strikes out swinging
|
| Top of the 4th over - 0 runs, 1 hit, 0 errors, 2 left on base; Columbus 0 - Niagara Falls 3 |
| BOTTOM OF THE 4TH |
|
Niagara Falls Phantoms batting - Pitching for Columbus Reds : RHP Amador Sadaba
|
|
Batting: RHB Yasuoka Tsuda
|
0-0: Ball 1-0: Ground out 1-3 (Groundball, 34S, EV 71.2 MPH)
|
|
Batting: RHB Ken Stair
|
0-0: Ball 1-0: Ball 2-0: Ground out 6-3 (Groundball, 6, EV 90.6 MPH)
|
|
Batting: LHB Dave Ortiz
|
0-0: Ball 1-0: Fly out, F8 (Flyball, 78M, EV 96.2 MPH)
|
| Bottom of the 4th over - 0 runs, 0 hits, 0 errors, 0 left on base; Columbus 0 - Niagara Falls 3 |
| TOP OF THE 5TH |
|
Columbus Reds batting - Pitching for Niagara Falls Phantoms : LHP Gordon Jing
|
|
Batting: RHB Alex de Leon
|
0-0: Foul Ball, location: 2F 0-1: Foul Ball, location: 2F 0-2: Ground out 2-3 (Groundball, 2L, EV 71.2 MPH)
|
|
Batting: LHB Mike Becerra
|
0-0: Ball 1-0: Foul Ball, location: 2F 1-1: Foul Ball, location: 2F 1-2: Foul Ball, location: 2F 1-2: Foul Ball, location: 2F 1-2: Ball 2-2: Foul Ball, location: 2F 2-2: SINGLE (Line Drive, 78S, EV 100.6 MPH)
|
|
Batting: RHB Ernie Maldonado
|
0-0: Called Strike 0-1: Ball Pickoff Throw to First - Out! 1-3 CS 1-1: Foul Ball, location: 2F 1-2: Ball 2-2: Reached on error, E6 (Groundball, 6, EV 101.2 MPH)
|
|
Batting: SHB Cesar Pelayo
|
0-0: Ball 1-0: Called Strike 1-1: Ball 2-1: 2-RUN HOME RUN (Flyball, 78XD, EV 105.0 MPH), Distance : 401 ft
|
|
Batting: LHB Jose Cruz
|
0-0: Ball 1-0: SINGLE (Flyball, 5D, EV 93.1 MPH)
|
|
Batting: LHB Jamie Spangenberg
|
0-0: Called Strike 0-1: Ball 1-1: Ball 2-1: Swinging Strike 2-2: Ground out 1-3 (Groundball, 34S, EV 73.8 MPH)
|
| Top of the 5th over - 2 runs, 3 hits, 1 error, 1 left on base; Columbus 2 - Niagara Falls 3 |
| BOTTOM OF THE 5TH |
|
Niagara Falls Phantoms batting - Pitching for Columbus Reds : RHP Amador Sadaba
|
|
Batting: LHB Justin Short
|
0-0: Ball 1-0: SOLO HOME RUN (Flyball, 9D, EV 94.4 MPH), Distance : 367 ft
|
|
Batting: RHB Tchaa Kombate
|
0-0: Ball 1-0: Ball 2-0: Called Strike 2-1: Swinging Strike 2-2: Ball 3-2: Strikes out swinging
|
|
Batting: LHB Carlos Palau
|
0-0: Ball 1-0: Ground out 4-3 (Groundball, 4, EV 106.9 MPH)
|
|
Batting: LHB Danny de Leon
|
0-0: Called Strike 0-1: Foul Ball, location: 2F 0-2: Ball 1-2: Strikes out swinging
|
| Bottom of the 5th over - 1 run, 1 hit, 0 errors, 0 left on base; Columbus 2 - Niagara Falls 4 |
| TOP OF THE 6TH |
|
Columbus Reds batting - Pitching for Niagara Falls Phantoms : LHP Gordon Jing
|
|
Batting: LHB Matthew Berry
|
0-0: Ball 1-0: Foul Ball, location: 2F 1-1: Foul Ball, location: 2F 1-2: Ball 2-2: Ball 3-2: Foul Ball, location: 2F 3-2: Ground out U3 (Groundball, 3, EV 102.5 MPH)
|
|
Batting: RHB Alex Villagomez
|
0-0: Swinging Strike 0-1: Swinging Strike 0-2: Foul Ball, location: 2F 0-2: Ball 1-2: Ball 2-2: SOLO HOME RUN (Flyball, 78XD, EV 98.8 MPH), Distance : 401 ft
|
|
Batting: RHB Ed Santibanez
|
0-0: Ball 1-0: Called Strike 1-1: Foul Ball, location: 2F 1-2: Fly out, F8 (Line Drive, 8LM, EV 91.2 MPH)
|
|
Batting: RHB Alex de Leon
|
0-0: Swinging Strike 0-1: Ground out 4-3 (Groundball, 4S, EV 90.0 MPH)
|
| Top of the 6th over - 1 run, 1 hit, 0 errors, 0 left on base; Columbus 3 - Niagara Falls 4 |
| BOTTOM OF THE 6TH |
|
Niagara Falls Phantoms batting - Pitching for Columbus Reds : RHP Amador Sadaba
|
|
Batting: RHB Jesus Ruiz
|
0-0: Swinging Strike 0-1: Ball 1-1: Swinging Strike 1-2: Strikes out swinging
|
|
Batting: LHB Dario Segura
|
0-0: Ball 1-0: Called Strike 1-1: Ball 2-1: Swinging Strike 2-2: SINGLE (Line Drive, 78S, EV 106.2 MPH)
|
|
Batting: RHB Yasuoka Tsuda
|
0-0: Ball 1-0: Ball 2-0: Ball 3-0: Called Strike 3-1: Fly out, F3 (Popup, 23F, EV 83.1 MPH)
|
|
Batting: RHB Ken Stair
|
0-0: DOUBLE (Line Drive, 78D, EV 114.4 MPH) Dario Segura to third
|
|
Batting: LHB Dave Ortiz
|
0-0: Called Strike 0-1: Called Strike 0-2: Ball 1-2: Ball 2-2: Foul Ball, location: 2F 2-2: Strikes out swinging
|
| Bottom of the 6th over - 0 runs, 2 hits, 0 errors, 2 left on base; Columbus 3 - Niagara Falls 4 |
| TOP OF THE 7TH |
|
Columbus Reds batting - Pitching for Niagara Falls Phantoms : LHP Gordon Jing
|
|
Pinch Hitting: RHB Jay Harrison
|
0-0: Ball 1-0: Called Strike 1-1: Foul Ball, location: 2F 1-2: Ball 2-2: SOLO HOME RUN (Flyball, 7LD, EV 97.5 MPH), Distance : 340 ft
|
|
Batting: RHB Ernie Maldonado
|
0-0: Ball 1-0: Called Strike 1-1: Ground out 5-3 (Groundball, 56, EV 108.8 MPH)
|
|
Batting: SHB Cesar Pelayo
|
0-0: Foul Ball, location: 2F 0-1: Ball 1-1: Called Strike 1-2: Ball 2-2: Foul Ball, location: 2F 2-2: Ball 3-2: Base on Balls
|
|
Pitching: RHP Francisco Rosado
|
|
|
Batting: LHB Jose Cruz
|
0-0: 2-RUN HOME RUN (Flyball, 9D, EV 95.0 MPH), Distance : 367 ft
|
|
Batting: LHB Jamie Spangenberg
|
0-0: Ball 1-0: Swinging Strike 1-1: Ball 2-1: SINGLE (Groundball, 4MD, EV 96.2 MPH)
|
|
Batting: LHB Matthew Berry
|
0-0: Called Strike 0-1: Ball 1-1: Foul Ball, location: 2F 1-2: Ball 2-2: Ball 3-2: Foul Ball, location: 2F 3-2: Fly out, F8 (Flyball, 89M, EV 91.2 MPH)
|
|
Batting: RHB Alex Villagomez
|
0-0: Foul Ball, location: 2F 0-1: Ball 1-1: Called Strike Jamie Spangenberg is caught stealing 2nd base 2-4
|
| Top of the 7th over - 3 runs, 3 hits, 0 errors, 0 left on base; Columbus 6 - Niagara Falls 4 |
| BOTTOM OF THE 7TH |
|
Niagara Falls Phantoms batting - Pitching for Columbus Reds : RHP Amador Sadaba
|
|
Now in RF: Tim Kirk
|
|
|
Batting: LHB Justin Short
|
0-0: Called Strike 0-1: SINGLE (Groundball, 4MD, EV 94.4 MPH)
|
|
Batting: RHB Tchaa Kombate
|
0-0: Swinging Strike 0-1: Called Strike 0-2: Ball 1-2: Reached on error, E4 (Groundball, 4, EV 84.4 MPH) Justin Short to second
|
|
Batting: LHB Carlos Palau
|
0-0: Called Strike 0-1: Ball 1-1: Fielders Choice at 2nd, 4-6 (Groundball, 4, EV 87.5 MPH) Justin Short to third
|
|
Batting: LHB Danny de Leon
|
0-0: DOUBLE (Flyball, 8RD, EV 87.5 MPH) Justin Short scores Carlos Palau to third
|
|
Batting: RHB Jesus Ruiz
|
0-0: Swinging Strike 0-1: Ball 1-1: Ball 2-1: SINGLE (Flyball, 56D, EV 95.0 MPH) Carlos Palau scores Danny de Leon to third
|
|
Batting: LHB Dario Segura
|
0-0: Ball 1-0: Ball 2-0: Ball 3-0: Called Strike 3-1: Called Strike 3-2: 3-RUN HOME RUN (Flyball, 89XD, EV 112.5 MPH), Distance : 424 ft
|
|
Pitching: RHP Hugo Pirir
|
|
|
Batting: RHB Yasuoka Tsuda
|
0-0: Ball 1-0: Swinging Strike 1-1: Ground out 5-3 (Groundball, 56S, EV 90.0 MPH)
|
|
Batting: RHB Ken Stair
|
0-0: Ball 1-0: Ground out 6-3 (Groundball, 6, EV 85.6 MPH)
|
| Bottom of the 7th over - 5 runs, 4 hits, 1 error, 0 left on base; Columbus 6 - Niagara Falls 9 |
| TOP OF THE 8TH |
|
Columbus Reds batting - Pitching for Niagara Falls Phantoms : RHP Francisco Rosado
|
|
Pitching: RHP Alex Roman
|
|
|
Batting: RHB Alex Villagomez
|
0-0: Ball 1-0: Ball 2-0: Called Strike 2-1: Foul Ball, location: 2F 2-2: Strikes out swinging
|
|
Batting: RHB Ed Santibanez
|
0-0: Ground out 6-3 (Groundball, 6, EV 103.8 MPH)
|
|
Batting: RHB Alex de Leon
|
0-0: Swinging Strike 0-1: Swinging Strike 0-2: Strikes out swinging
|
| Top of the 8th over - 0 runs, 0 hits, 0 errors, 0 left on base; Columbus 6 - Niagara Falls 9 |
| BOTTOM OF THE 8TH |
|
Niagara Falls Phantoms batting - Pitching for Columbus Reds : RHP Hugo Pirir
|
|
Batting: LHB Dave Ortiz
|
0-0: Ball 1-0: Ground out 6-3 (Groundball, 4M, EV 82.5 MPH)
|
|
Batting: LHB Justin Short
|
0-0: Ball 1-0: Called Strike 1-1: Ball 2-1: Swinging Strike 2-2: Strikes out swinging
|
|
Batting: RHB Tchaa Kombate
|
0-0: Ball 1-0: Swinging Strike 1-1: Swinging Strike 1-2: Strikes out swinging
|
| Bottom of the 8th over - 0 runs, 0 hits, 0 errors, 0 left on base; Columbus 6 - Niagara Falls 9 |
| TOP OF THE 9TH |
|
Columbus Reds batting - Pitching for Niagara Falls Phantoms : RHP Alex Roman
|
|
Pitching: RHP Matt Elliott
|
|
|
Batting: LHB Tim Kirk
|
0-0: Foul Ball, location: 2F 0-1: Foul Ball, location: 2F 0-2: Ball 1-2: Ball 2-2: Hit by Pitch
|
|
Batting: RHB Ernie Maldonado
|
0-0: Called Strike 0-1: Ball 1-1: Ball 2-1: Ball 3-1: Fly out, F9 (Flyball, 89M, EV 82.5 MPH)
|
|
Batting: SHB Cesar Pelayo
|
0-0: Called Strike 0-1: Swinging Strike 0-2: Ball 1-2: Ball 2-2: Ball 3-2: Foul Ball, location: 2F 3-2: Foul Ball, location: 2F 3-2: Base on Balls Tim Kirk to second
|
|
Pinch Hitting: RHB Ben Burkholder
|
0-0: Fielders Choice at 2nd, 4-6 (Groundball, 4, EV 84.4 MPH) Tim Kirk to third
|
|
Batting: LHB Jamie Spangenberg
|
0-0: Called Strike 0-1: Ball 1-1: Ball 2-1: Ground out U3 (Groundball, 3, EV 105.0 MPH)
|
| Top of the 9th over - 0 runs, 0 hits, 0 errors, 2 left on base; Columbus 6 - Niagara Falls 9 |
|